 Dungeon Crawl Stone Soup version 0.24.0-123-gd5b16e6ec5 (webtiles) character file.

Game seed: 5067033698363267596, levelgen mode: deterministic

1633 Elellon the Cleaver (level 8, 0/64 HPs)
             Began as a Hill Orc Fighter on Jan 20, 2020.
             Slain by a killer bee (7 damage)
             ... on level 5 of the Dungeon.
             The game lasted 00:07:26 (4270 turns).

Elellon the Cleaver (Hill Orc Fighter)              Turns: 4270, Time: 00:07:27

Health: 0/64       AC: 15    Str: 26    XL:     8   Next: 98%
Magic:  8/8        EV:  6    Int:  8    God:
Gold:   237        SH:  9    Dex: 10    Spells: 7/7 levels left

rFire    . . .     SeeInvis .   a - +0 war axe
rCold    + . .     Gourm    .   c - +0 shield
rNeg     . . .     Faith    .   u - +0 chain mail
rPois    .         Spirit   .   x - +2 helmet
rElec    .         Reflect  .   A - +2 cloak
rCorr    .         Harm     .   (no gloves)
MR       .....                  (no boots)
Stlth    ..........             (no amulet)
HPRegen  0.20/turn              e - ring of protection from cold
MPRegen  0.11/turn              (no ring)

@: mighty, lethally poisoned (0 -> -12)
A: no striking features
a: no special abilities


You were on level 5 of the Dungeon.
You were hungry.

You visited 1 branch of the dungeon, and saw 5 of its levels.

You collected 297 gold pieces.
You spent 60 gold pieces at shops.

Inventory:

Hand Weapons
 a - a +0 war axe (weapon)
Armour
 c - a +0 shield (worn)
 u - a +0 chain mail (worn)
 x - a +2 helmet (worn)
 A - a +2 cloak (worn)
Jewellery
 e - a ring of protection from cold (left hand)
Wands
 r - a wand of digging (6)
Scrolls
 k - 3 scrolls of remove curse
 n - a scroll of identify
 p - a scroll of teleportation {unknown}
 q - 2 scrolls of magic mapping {unknown}
 s - 2 scrolls of noise {unknown}
 v - 2 scrolls of enchant weapon {unknown}
 y - a scroll of amnesia {unknown}
Potions
 d - 2 potions of might
 g - a potion of ambrosia {unknown}
 h - a potion of berserk rage {unknown}
 i - 3 potions of brilliance
 j - a potion of mutation {unknown}
 l - a potion of magic {unknown}
 m - 2 potions of flight {unknown}
 o - 2 potions of heal wounds
 w - 2 potions of curing {unknown}
Comestibles
 b - 4 chunks of flesh
 f - 9 rations


   Skills:
 - Level 3.6 Fighting
 + Level 13.9 Axes
 - Level 3.2 Armour
 - Level 3.2 Shields


You had 7 spell levels left.
You didn't know any spells.
Your spell library contained the following spells:

 Spells                   Type           Power        Failure   Level  Hunger
 Confusing Touch          Hex            #.....       100%        1    ##.....
 Confuse                  Hex            #.......     100%        3    ####...
 Gell's Gravitas          Tloc           #.........   100%        3    ####...
 Petrify                  Tmut/Erth      #.......     100%        4    #####..
 Metabolic Englaciation   Hex/Ice        #.........   100%        5    ######.
 Yara's Violent Unravell  Hex/Tmut       #.........   100%        5    ######.


Dungeon Overview and Level Annotations

Branches:
Dungeon (5/15)
 Temple: D:4-7

Altars:
Cheibriados
Dithmenos
Fedhas
Makhleb
Nemelex Xobeh
Zin

Shops:
D:4 (*%!

Annotations:
D:5 Prince Ribbit


Message History

A killer bee comes into view.
You barely miss the killer bee. You closely miss the killer bee.
You feel sick. The killer bee stings you.
The killer bee stings you but does no damage.
The killer bee stings you.
You are more poisoned.
The killer bee poisons you! The killer bee stings you!
* * * LOW HITPOINT WARNING * * *
You miss the killer bee. You closely miss Prince Ribbit.
You slash the killer bee! You completely miss the killer bee.
You feel sick. You block the killer bee's attack.
You block Prince Ribbit's attack.
You slash the killer bee!
You kill the killer bee!
You miss the killer bee. You slash Prince Ribbit!
Your shield and chain mail prevent you from hitting the killer bee.
You barely miss the killer bee.
You feel sick.
You block the killer bee's attack. x2; Prince Ribbit hits you!
* * * LOW HITPOINT WARNING * * *
You block the killer bee's attack. The killer bee stings you!
You die...

##+#. #...... #.#.
#...... ###... #......
......)..#..... #......
.........#...## #......
.........#...# #......
.........#...#
#.....y####.......#...#
#.....†@y.........#...#
####..†yF.........#...#
#..................##
########...........#.
....................
........).(......#..
.........##.....###.
.........##.##..###.
..........#.###..#..


You could see Prince Ribbit and 3 killer bees.

Vanquished Creatures
  Sigmund (D:2)
  An ogre (D:5)
  A phantom (D:4)
  A necrophage (D:5)
  6 scorpions
  2 killer bees (D:5)
  2 howler monkeys (D:4)
  A centaur zombie (D:5)
  2 crimson imps (D:5)
  4 hounds
  7 orc wizards
  Crazy Yiuf (D:4)
  4 worker ants
  A hound zombie (D:5)
  8 adders
  A shadow imp (D:5)
  An ooze (D:1)
  An adder zombie (D:4)
  3 dart slugs
  3 worms
  4 leopard geckos
  13 orcs
  11 bats
  7 giant cockroaches
  11 goblins
  5 hobgoblins
  2 quokkas
  A ball python (D:1)
  3 frilled lizards
  4 kobolds
  11 rats
  2 fungi (D:5)
125 creatures vanquished.

Notes
Turn   | Place    | Note
-------+----------+-------------------------------------------
     0 | D:1      | Elellon the Hill Orc Fighter began the quest for the Orb.
     0 | D:1      | Reached XP level 1. HP: 19/19 MP: 1/1
    18 | D:1      | Reached skill level 3 in Axes
    59 | D:1      | Reached XP level 2. HP: 23/26 MP: 2/2
   136 | D:1      | Reached skill level 4 in Axes
   309 | D:1      | Reached XP level 3. HP: 31/31 MP: 3/3
   448 | D:1      | Reached skill level 5 in Axes
   758 | D:2      | Found a burning altar of Makhleb.
   758 | D:2      | Noticed a cacodemon
   865 | D:2      | Found a glowing silver altar of Zin.
   868 | D:2      | Found a snail-covered altar of Cheibriados.
   871 | D:2      | Reached XP level 4. HP: 39/39 MP: 4/4
   980 | D:2      | Noticed Sigmund
   994 | D:2      | Killed Sigmund
   994 | D:2      | Reached skill level 8 in Axes
   994 | D:2      | Reached XP level 5. HP: 15/45 MP: 5/5
   994 | D:2      | Reached XP level 6. HP: 18/51 MP: 6/6
  1818 | D:3      | Found a blossoming altar of Fedhas.
  2272 | D:4      | Reached skill level 9 in Axes
  2438 | D:4      | Reached XP level 7. HP: 57/57 MP: 7/7
  2439 | D:4      | Found Tiubb's Distillery.
  2480 | D:4      | Bought a potion of heal wounds for 60 gold pieces
  2504 | D:4      | Found Mihoefea's Food Emporium.
  2513 | D:4      | Reached skill level 10 in Axes
  2522 | D:4      | Found Bosk's Magic Scroll Shoppe.
  2806 | D:4      | Reached skill level 11 in Axes
  2827 | D:4      | Found Saarach's Assorted Antiques.
  2838 | D:4      | Found Pour Lus's Antique Weapon Shop.
  3072 | D:4      | Found a runed translucent door.
  3073 | D:4      | Noticed Crazy Yiuf
  3247 | D:4      | Killed Crazy Yiuf
  3247 | D:4      | Reached XP level 8. HP: 39/64 MP: 4/8
  3399 | D:5      | Entered Level 5 of the Dungeon
  3437 | D:5      | Found a shadowy altar of Dithmenos.
  3591 | D:5      | Reached skill level 12 in Axes
  3662 | D:5      | Found a sparkling altar of Nemelex Xobeh.
  3899 | D:5      | Reached skill level 13 in Axes
  4250 | D:5      | Noticed Prince Ribbit
  4270 | D:5      | Slain by a killer bee

Levels and vault maps discovered:
D:1:      minmay_arrival_plants_in_alcoves, layout_rooms
D:2:      layout_basic, grunt_temple_overflow_open, makhleb_altar_promises_db,
          first_ration, uniq_sigmund
D:3:      layout_rooms, small_statue_intersection, fedhas_altar_1
D:4:      layout_cave_pools, serial_shops, nicolae_shop_stone,
          nicolae_shop_behind_doors, kennysheep_mini, shop, shop,
          uniq_crazy_yiuf_cottage
D:5:      old_forge, layout_basic, lemuel_crystal_altar, hex_tiny,
          nicolae_dithmenos_shadow_blocks, uniq_prince_ribbit1

Skill      XL: |  1  2  3  4  5  6  7  8 |
---------------+-------------------------+-----
Axes           | 3 4 5 8 9 11 13 | 13.9
Fighting       | |  3.6
Armour         | |  3.2
Shields        | |  3.2

Action                   |  1- 3 |  4- 6 |  7- 9 || total
-------------------------+-------+-------+-------++-------
Melee: War axe           |   106 |   139 |   234 ||   479
  Use: Scroll            |       |       |     4 ||     4
       Potion            |       |       |     2 ||     2
 Stab: Held in net/web   |       |       |     3 ||     3
  Eat: Chunk             |       |     5 |     6 ||    11
Armor: Scale mail        |    50 |    29 |       ||    79
       Chain mail        |       |    40 |   130 ||   170
Dodge: Dodged            |    28 |    22 |    47 ||    97
Block: Shield            |    56 |    55 |   109 ||   220
